 Dungeon Crawl Stone Soup version 0.16-a0-3803-gd4b2de5 (console) character file.

2067 MrRokkomies the Skirmisher (level 9, -11/65 HPs)
             Began as an Octopode Assassin on Jan 26, 2015.
             Splashed by a jelly's acid (17 damage)
             ... on level 6 of the Dungeon.
             The game lasted 00:47:19 (5760 turns).

MrRokkomies the Skirmisher (Octopode Assassin)      Turns: 5760, Time: 00:47:19

Health: -11/65     AC: -4    Str: 10    XL:     9   Next: 26%
Magic:  9/9        EV: 15    Int: 13    God:
Gold:   351        SH:  0    Dex: 17    Spells: 0 memorised, 8 levels left

rFire  . . .     SeeInvis .     a - +2 dagger (venom)
rCold  . . .     Clarity  .     (no shield)
rNeg   . . .     SustAb   .     (helmet restricted)
rPois  .         Gourm    .     (no amulet)
rElec  .         Spirit   .     (no ring)
rCorr  .         Warding  .     (no ring)
rMut   .         Stasis   .     (no ring)
MR     .....                    (no ring)
Stlth  ++++......               (no ring)
                                (no ring)
                                (no ring)
                                (no ring)

@: corroded equipment, not resistant to hostile enchantments, stealthy
A: almost no armour, amphibious, 8 rings, constrict 8, camouflage 1, gelatinous
body 1
a: no special abilities


You were on level 6 of the Dungeon.
You were very hungry.

You visited 2 branches of the dungeon, and saw 7 of its levels.
You also visited: Sewer.

You collected 351 gold pieces.

Inventory:

Hand weapons
 a - a +2 dagger of venom (weapon)
 b - a +1 blowgun
 d - a +0 falchion
 l - a +2 dagger of electrocution
Missiles
 c - 4 poisoned tomahawks
 e - 5 poisoned needles
 f - 2 curare-tipped needles
 h - 9 stones (quivered)
 k - 3 tomahawks
 u - a javelin
Magical devices
 r - a wand of slowing (22)
Scrolls
 i - a scroll of remove curse
 m - a scroll of teleportation
 p - a scroll of recharging {unknown}
Potions
 j - a potion of lignification
 q - a potion of might
 t - 2 potions of agility
Comestibles
 g - 5 bread rations
 n - 3 meat rations
 o - a beef jerky
 s - 2 slices of pizza


   Skills:
 * Level 7.6 Fighting
 - Level 4.0(5.9) Short Blades
 * Level 6.7(7.2) Long Blades
 - Level 2.0 Throwing
 + Level 5.2 Dodging
 - Level 5.3 Stealth


You had 8 spell levels left.
You didn't know any spells.

Dungeon Overview and Level Annotations

Branches:
Dungeon (6/15)             Temple (1/1) D:6

Altars:
Ashenzari
Fedhas
Makhleb
Qazlal
The Shining One

Annotations:
D:4 DEFE's ghost, average DrCj; Edmund; Grinder


Innate Abilities, Weirdness & Mutations

You cannot wear most types of armour.
You are amphibious.
You can wear up to eight rings at the same time.
You can use your tentacles to constrict many enemies at once.
Your skin changes colour to match your surroundings (Stealth).
Your rubbery body absorbs attacks (AC +1).


Message History

It was a potion of heal wounds.
You feel much better. The jelly hits you.
You are splashed with acid!
The acid burns!
Throwing (i - inventory. (,) - cycle):
h - 11 stones (quivered)
Press: ? - help, Shift-Dir - straight line, f - jelly
Aim: a jelly (almost dead)
You throw a stone. The stone hits the jelly.
The jelly is almost dead.
The kobold closely misses you. The jelly hits you.
You are splashed with acid!
The acid burns!
* * * LOW HITPOINT WARNING * * *
Throwing (i - inventory. (,) - cycle):
h - 10 stones (quivered)
Press: ? - help, Shift-Dir - straight line, f/p - jelly
Aim: a jelly (almost dead)
You throw a stone.
The stone hits the jelly but does no damage.
The jelly is almost dead.
The kobold barely misses you. The jelly hits you.
* * * LOW HITPOINT WARNING * * *
You are splashed with acid!
The acid burns!
You die...

*#..........#*,,...,,,,,,,,,,,,
*#...........#**.....,,,,,,,,,,,
*#....####....###.....,,,,,,,,,,,
#....## ###..........,,,,,,,,,,,
....#* ##....##..,,,,,,,,,,,,
...#* #..###**,,,,,,,,,,,,, ..#*
#..## *,,,,,.,,,,,,, .#* #...##
**,,,.(.,,,,,, #* ##....##
*,,.K(.,,,,,, *
#......##*,....,,,,,,,
*#....@J.##..#....,,,,,
#..###.K.((....#,,,,,,, *#..*
###..........,,,,, **..#*
##..####..,,,,,, # *,,.* *#..#
***,,,,,, ######***,,,* *..##
***,,,, ......,,,,,,* **..#
**,,,, ......,,,,,,** *,..#
***,,,,, ....#*****,,,** *..##
***,,,,,,, ....#
***,,***,.*****,,,,****, #...#*
**,,,,,***,,,***** *,


You could see a jelly and a kobold.

Vanquished Creatures
  Menkaure (D:4)
  A water moccasin (D:5)
  4 sky beasts
  An ice beast (D:6)
  3 ogres
  2 centaurs (D:5)
  A crocodile (Sewer)
  A giant frog (D:5)
  Blork the orc (D:3)
  A wyvern skeleton (D:6)
  A goliath beetle (D:6)
  2 crimson imps
  2 hounds
  2 orc wizards
  2 iguanas
  5 worker ants
  Terence (D:3)
  2 hound skeletons (D:6)
  A worker ant zombie (D:5)
  3 gnolls (D:2)
  8 adders
  A giant mite (D:4)
  A worm (D:3)
  A shadow imp (D:6)
  An adder skeleton (D:6)
  2 giant geckos
  12 orcs
  3 ball pythons
  A bat zombie (D:5)
  12 hobgoblins
  10 jackals
  12 kobolds
  15 bats
  3 giant cockroaches
  A giant gecko skeleton (D:6)
  4 giant newts
  13 goblins
  A quokka (D:5)
  14 rats
152 creatures vanquished.

Notes
Turn   | Place    | Note
--------------------------------------------------------------
     0 | D:1      | MrRokkomies, the Octopode Assassin, began the quest for the Orb.
     0 | D:1      | Reached XP level 1. HP: 14/14 MP: 1/1
    77 | D:1      | Reached XP level 2. HP: 16/19 MP: 2/2
   484 | D:1      | Reached XP level 3. HP: 23/25 MP: 3/3
   745 | D:1      | HP: 1/25 [poisoned by an adder]
  1234 | D:2      | Reached XP level 4. HP: 29/31 MP: 4/4
  1577 | D:3      | Found a glowing drain.
  1589 | Sewer    | Entered a sewer
  1656 | Sewer    | Noticed a crocodile
  1665 | Sewer    | Killed a crocodile
  1665 | Sewer    | Reached XP level 5. HP: 34/37 MP: 5/5
  1925 | D:3      | Noticed Terence
  1931 | D:3      | Killed Terence
  1931 | D:3      | Reached skill level 1 in Long Blades
  1931 | D:3      | Reached XP level 6. HP: 41/43 MP: 6/6
  2282 | D:4      | Noticed Edmund
  2282 | D:4      | Noticed DEFE's ghost (average DrCj)
  2331 | D:4      | Noticed Blork the orc
  2332 | D:4      | Noticed Menkaure
  2341 | D:3      | Killed Blork the orc
  2544 | D:4      | Killed Menkaure
  2780 | D:4      | Reached XP level 7. HP: 49/49 MP: 7/7
  2991 | D:4      | Noticed Grinder
  2997 | D:4      | Paralysed by Grinder for 4 turns
  3001 | D:5      | Entered Level 5 of the Dungeon
  3154 | D:5      | Reached skill level 5 in Fighting
  3695 | D:5      | Reached XP level 8. HP: 24/57 MP: 8/8
  4229 | D:5      | Reached skill level 6 in Fighting
  4431 | D:5      | Reached skill level 5 in Long Blades
  5161 | D:6      | Reached skill level 7 in Fighting
  5179 | D:6      | Reached XP level 9. HP: 55/64 MP: 9/9
  5330 | D:6      | Found a staircase to the Ecumenical Temple.
  5354 | Temple   | Entered the Ecumenical Temple
  5448 | D:6      | Reached skill level 5 in Dodging
  5760 | D:6      | Splashed by a jelly's acid

Action                   |  1- 3 |  4- 6 |  7- 9 || total
-------------------------+-------+-------+-------++-------
Melee: Dagger            |    59 |    81 |   198 ||   338
 Fire: Blowgun           |     1 |     7 |    22 ||    30
Throw: Stone             |     2 |       |    12 ||    14
       Javelin           |       |     2 |    13 ||    15
       Tomahawk          |       |       |    15 ||    15
Evoke: Wand              |       |       |     2 ||     2
  Use: Scroll            |     1 |     5 |     7 ||    13
       Potion            |       |       |     7 ||     7
 Stab: Sleeping          |    10 |     8 |     9 ||    27
       Distracted        |     1 |     2 |       ||     3
       Invisible         |       |       |     1 ||     1
  Eat: Chunk             |     1 |     3 |     7 ||    11
       Beef jerky        |       |     1 |     1 ||     2
